Map: Глубоководный риф РВ

Players

shmel - Winner!

  • Race: Terran Terran
  • Spawn Location: 11:00

ИИ 1 (боец)

  • Race: Terran Terran
  • Spawn Location: 5:00

VOD

Have the link to the VOD?

Description

Time

  • Played on: Nov. 30, 2017, 5:11 p.m.
  • Length: 6:27
Show
View Real Time Build Order
Export as new Build Order

shmel Terran - Winner!

Build Orders:  

Get SALT Encoding   

  12  0:00  SCV  
  13  0:12  SCV  
  14  0:18  Supply Depot  
  14  0:25  SCV  
  15  0:29  Refinery  
  15  0:40  SCV  
  16  0:51  Barracks  
  16  0:52  SCV  
  17  1:01  Refinery  
  17  1:04  SCV  
  18  1:16  SCV  
  19  1:28  SCV  
  20  1:40  Factory  
  20  1:45  Barracks Reactor  
  20  1:51  Orbital Command  
  20  2:01  Supply Depot  
  20  2:05  Barracks  
  20  2:16  SCV  
  20  2:21  Marine x2  
  23  2:24  Engineering Bay  
  23  2:32  Starport  
  23  2:39  Marine x2  
  23  2:41  Widow Mine  
  27  2:52  Supply Depot  
  27  2:53  Terran Infantry Weapons Level 1  
  27  2:59  SCV  
  28  3:06  Barracks Tech Lab  
  28  3:07  Marine  
  28  3:08  Marine  
  30  3:12  Factory Reactor  
  30  3:17  Medivac  
  32  3:25  Bunker  
  32  3:34  Marine x2  
  32  3:38  Marauder  
  36  3:41  Combat Shields  
  36  4:03  Medivac  
  36  4:05  Marine  
  36  4:08  Supply Depot  
  39  4:30  Marauder, Marine x2  
  43  4:35  Supply Depot  
  43  4:47  Marine  
  43  4:52  Marauder  
  46  5:04  Marine  
  47  5:09  Supply Depot  
  47  5:11  SCV  
  48  5:18  Marine x2  
  48  5:19  Viking  
  52  5:23  Marine  
  52  5:24  SCV  
  54  5:36  Marauder  
  54  5:38  Marine  
  54  5:41  Marine  
  58  5:55  Marine  
Show
View Real Time Build Order
Export as new Build Order

ИИ 1 (боец) Terran 

Build Orders:  

Get SALT Encoding   

  12  0:00  SCV  
  13  0:13  SCV  
  14  0:18  Supply Depot  
  14  0:25  SCV  
  15  0:40  SCV  
  16  0:42  Barracks  
  16  0:50  Refinery  
  16  0:52  SCV  
  17  1:04  SCV  
  18  1:17  Supply Depot  
  18  1:30  Marine  
  19  1:34  Barracks, Orbital Command  
  19  1:43  Refinery  
  19  1:49  Barracks Tech Lab  
  19  2:06  Marine  
  20  2:15  Supply Depot  
  20  2:24  Marine  
  21  2:34  Marine  
  22  2:47  Marine, Supply Depot  
  23  2:56  SCV  
  24  3:01  Marine  
  25  3:08  SCV  
  25  3:09  Engineering Bay  
  26  3:14  Marine  
  27  3:20  SCV  
  28  3:32  SCV  
  28  3:33  Marauder  
  31  3:42  Marine  
  31  3:44  SCV  
  33  3:48  Supply Depot  
  33  3:55  Marine  
  33  3:57  SCV  
  35  4:14  Marauder  
  37  4:35  Marauder  
  39  4:56  Marauder  
  41  5:47  Marine  
  27  6:03  SCV  
  25  6:06  Marauder  
  18  6:15  SCV  
Tags
 
Add a new tag
Caveats
  • Supply blocks, unpowered buildings, or Contaminate may cause inaccurate times.
  • Supply counts are checked every 10 seconds.